 Dungeon Crawl Stone Soup version 0.22-a0-42-g002c468 (webtiles) character file.

15827 mopl the Tainter (level 12, -11/86 (88) HPs)
             Began as a Naga Venom Mage on Jan 4, 2018.
             Was an Elder of Vehumet.
             Shot with a bolt by a yaktaur captain (47 damage)
             ... on level 11 of the Dungeon on Jan 5, 2018.
             The game lasted 00:37:33 (11346 turns).

mopl the Tainter (Naga Venom Mage)                 Turns: 11346, Time: 00:37:33

HP:   -11/86 (88)   AC:  7    Str: 10    XL:     12   Next: 31%
MP:   23/26         EV: 10    Int: 28    God:    Vehumet [****..]
Gold: 435           SH:  0    Dex: 18    Spells: 7/32 levels left

rFire    . . .     SeeInvis +   G - staff of earth
rCold    . . .     Gourm    .   (no shield)
rNeg     . . .     Faith    .   a - +1 robe
rPois    +         Spirit   .   (no helmet)
rElec    .         Reflect  .   J - +0 cloak
rCorr    .         Harm     .   (no gloves)
MR       +++..     NoTele   +   (no barding)
Stlth    ++........             T - amulet of magic regeneration
HPRegen  0.24/turn              q - +2 ring of intelligence
MPRegen  0.45/turn              D - ring of Suspicion {-Tele MR++ Int+5 Dex+6}

@: very slow
A: large, see invisible, deformed body, poison resistance, slowness 2, slow
metabolism 1, spit poison 1, AC +4
a: Spit Poison, Renounce Religion


You were on level 11 of the Dungeon.
You worshipped Vehumet.
Vehumet was greatly pleased with you.
You were not hungry.

You visited 3 branches of the dungeon, and saw 13 of its levels.

You collected 567 gold pieces.
You spent 132 gold pieces at shops.

Inventory:

Hand Weapons
 p - a +0 blowgun
 y - a +0 dire flail of protection
 X - a +3 scimitar of flaming
 Z - the +7 mace "Newtslayer" {holy, SInv}
   (You found it on level 8 of the Dungeon)

   It has been blessed by the Shining One to cause great damage to the undead
   and demons.
   It lets you see invisible.
Missiles
 g - 2 tomahawks
 k - 8 poisoned needles
 n - 10 javelins (quivered)
 I - 3 curare-tipped needles
 S - a throwing net
Armour
 a - a +1 robe (worn)
 h - a +0 buckler
 J - a +0 cloak (worn)
Magical Staves
 G - an uncursed staff of earth (weapon)
Jewellery
 q - a +2 ring of intelligence (left hand)
 r - an uncursed ring of flight
 w - an uncursed ring of protection from cold
 D - the ring of Suspicion (right hand) {-Tele MR++ Int+5 Dex+6}
   (You took it off an orc on level 9 of the Dungeon)

   [ring of intelligence]

   It affects your intelligence (+5).
   It affects your dexterity (+6).
   It affects your resistance to hostile enchantments.
   It prevents most forms of teleportation.
 T - an amulet of magic regeneration (around neck)
 Y - the ring "Vamuaq" {+Fly rPois rC- Dex+7 SInv}
   (You found it on level 8 of the Dungeon)

   [ring of see invisible]

   It affects your dexterity (+7).
   It makes you vulnerable to cold.
   It protects you from poison.
   It lets you see invisible.
   It lets you fly.
Wands
 o - a wand of paralysis (5)
 L - a wand of acid (8)
 M - a wand of iceblast (37)
 Q - a wand of clouds (3)
 R - a wand of disintegration (18)
 W - a wand of scattershot (9)
Scrolls
 e - 3 scrolls of teleportation
 j - 3 scrolls of magic mapping {unknown}
 l - 2 scrolls of remove curse
 m - 5 scrolls of fear
 t - 2 scrolls of noise {unknown}
 A - 5 scrolls of immolation {unknown}
 F - 3 scrolls of identify
 N - 6 scrolls of amnesia {unknown}
 V - a scroll of fog
Potions
 d - 8 potions of curing
 f - 3 potions of flight
 i - 3 potions of haste
 u - a potion of invisibility
 v - a potion of might
 x - a potion of heal wounds
 z - a potion of lignification {!q}
 C - 2 potions of cancellation
 E - a potion of magic
 H - 2 potions of brilliance
Comestibles
 b - 6 chunks of flesh
 c - 21 rations


   Skills:
 - Level 1.5 Dodging
 - Level 3.0 Stealth
 * Level 10.7 Spellcasting
 * Level 11.3 Conjurations
 + Level 3.8 Fire Magic
 - Level 4.0 Air Magic
 + Level 2.5 Earth Magic
 + Level 12.6 Poison Magic


You had 7 spell levels left.
You knew the following spells:

 Your Spells              Type           Power        Failure   Level  Hunger
a - Venom Bolt            Conj/Pois      ######....   1%          5    ###....
b - Olgreb's Toxic Radia  Pois           ######..     1%          4    None
c - Poisonous Vapours     Pois/Air       ######       1%          2    None
d - Mephitic Cloud        Conj/Pois/Air  ######..     1%          3    None
e - Sting                 Conj/Pois      ####         1%          1    None
f - Fireball              Conj/Fire      ######....   1%          5    ###....
g - Bolt of Magma         Conj/Fire/Erth ######....   2%          5    ###....


Dungeon Overview and Level Annotations

Branches:
Dungeon (11/15)            Temple (1/1) D:4            Lair (1/6) D:10
    Orc (0/2) D:10

Altars:
Ashenzari
Cheibriados
Dithmenos
Elyvilon
Fedhas
Gozag
Hepliaklqana
Kikubaaqudgha
Makhleb
Nemelex Xobeh
Okawaru
Qazlal
Ru
Sif Muna
Trog
Uskayaw
Vehumet
Wu Jian
Xom
Yredelemnul
Zin
The Shining One
Jiyva
Lugonu

Shops:
D:4 *   D:6 !

Annotations:
D:9 transporter, exclusion: downstairs


Innate Abilities, Weirdness & Mutations

You cannot wear boots.
Your serpentine skin is tough. (AC +4)
You have supernaturally acute eyesight. (SInv)
Armour fits poorly on your strangely shaped body.
Your system is resistant to poisons. (rPois)
You cover ground very slowly.
You have a slow metabolism.
You can spit poison.


Message History

There is an open door here.
You close the door.
You start resting.
Magic restored.
You open the door.
There is an open door here.
The yaktaur captain wields an arbalest.
The yaktaur captain shoots a bolt.
The bolt hits you!!
You see here a bolt.
Casting: Bolt of Magma
Confirm with . or Enter, or press ? or * to list all spells.
Aiming: Mephitic Cloud
Press: ? - help, Shift-Dir - straight line, f - yaktaur captain
Aim: a yaktaur captain, wielding an arbalest The ball explodes into a vile cloud!
The stinking cloud engulfs the yaktaur captain.
The yaktaur captain is engulfed in noxious fumes.
The yaktaur captain shoots a bolt.
The bolt hits you!!!
Ouch! That really hurt!
You die...

..##...###'###'####..##..#.†..##.
...........#......#..#...#.†.†'..
#'##.......#......'..#...#....#..
..##..###'###....##..#####..†.#..
..##..##...#####'##..#.....÷..#.#
...'..#.....'...######....#'###.#
####..'.....#...#§c#Z##...#.....#
...#..#.....#...#§# #...#.....#
...#..#.....#...@##.# #...#.....'
...#..#.....#...##.#T##...##'####
...#'#####'##+### ## /##.........
.)..............# c. %#.........
#'#.............# ##( #.........
..#.............## .## .........
..#..............# # ####...
..###'####'#....#.# ##+##..'...
...#.......#....# ##..#...#...


You could see a yaktaur captain.

Vanquished Creatures
  Erica (D:8)
  An ogre mage (D:11)
  A deep troll earth mage (D:11)
  Nergalle (D:10)
  An unseen horror (D:11)
  Pikel (D:5)
  Maurice (D:9)
  A gargoyle (D:10)
  A komodo dragon (D:11)
  A troll (D:10)
  2 hornets
  Prince Ribbit (D:6)
  A slime creature (D:9)
  A hippogriff (D:8)
  Sigmund (D:4)
  A centaur simulacrum (D:10)
  2 wyverns
  18 yaks
  2 hogs (D:7)
  A human (D:7)
  A hungry ghost (D:9)
  Menkaure (D:5)
  Edmund (D:4)
  An acid dragon (D:11)
  Duvessa (D:4)
  10 orc warriors
  An eye of draining (D:9)
  2 slaves (D:5)
  3 sky beasts
  6 ice beasts
  7 ogres
  2 necrophages
  7 centaurs
  4 big kobolds
  7 bullfrogs
  2 gnoll sergeants
  Dowan (D:4)
  3 scorpions
  4 wights
  3 howler monkeys
  3 crimson imps
  3 bullfrog zombies
  3 orc priests
  Crazy Yiuf (D:5)
  3 hounds
  4 jellies
  9 orc wizards
  3 centaur skeletons
  3 iguanas
  Ijyb (D:4)
  Natasha (thrice) (D:3)
  10 worker ants
  A hound zombie (D:9)
  12 adders
  6 gnolls
  4 shadow imps
  An ooze (D:5)
  An adder skeleton (D:4)
  A dart slug (D:1)
  2 leopard geckos
  46 orcs
  A ball python (D:5)
  3 giant cockroaches
  5 hobgoblins
  17 jackals
  7 bats
  A frilled lizard (D:1)
  8 goblins
  9 kobolds
  4 rats
282 creatures vanquished.

Notes
Turn   | Place    | Note
-------+----------+-------------------------------------------
     0 | D:1      | mopl the Naga Venom Mage began the quest for the Orb.
     0 | D:1      | Reached XP level 1. HP: 15/15 MP: 3/3
   309 | D:1      | Reached XP level 2. HP: 22/22 MP: 1/5
   313 | D:1      | Learned a level 2 spell: Poisonous Vapours
   747 | D:2      | Found a shadowy altar of Dithmenos.
   813 | D:2      | Reached XP level 3. HP: 26/28 MP: 2/6
   822 | D:2      | Learned a level 3 spell: Mephitic Cloud
   864 | D:2      | Found a sparkling altar of Nemelex Xobeh.
  1046 | D:2      | Found a deep blue altar of Sif Muna.
  1109 | D:2      | Reached skill level 1 in Air Magic
  1119 | D:2      | Found a shattered altar of Ashenzari.
  1190 | D:2      | Reached skill level 2 in Conjurations
  1190 | D:2      | Reached XP level 4. HP: 20/36 MP: 2/7
  1870 | D:3      | Reached skill level 5 in Poison Magic
  2087 | D:4      | Noticed Natasha
  2087 | D:4      | Noticed Duvessa
  2090 | D:4      | Noticed Dowan
  2097 | D:3      | Killed Natasha
  2097 | D:3      | Reached XP level 5. HP: 16/42 MP: 9/9
  2289 | D:3      | Noticed Natasha
  2296 | D:3      | Killed Natasha
  2296 | D:3      | Reached skill level 3 in Spellcasting
  2296 | D:3      | Reached skill level 2 in Air Magic
  2340 | D:3      | Noticed Natasha
  2343 | D:3      | Killed Natasha
  2574 | D:3      | Learned a level 4 spell: Olgreb's Toxic Radiance
  2581 | D:4      | Reached XP level 6. HP: 34/49 MP: 5/10
  2615 | D:4      | Reached skill level 3 in Conjurations
  2889 | D:4      | Found a staircase to the Ecumenical Temple.
  2904 | Temple   | Entered the Ecumenical Temple
  2969 | D:4      | Found a hide-covered altar of Uskayaw.
  3025 | D:4      | Found a hazy altar of Hepliaklqana.
  3122 | D:4      | Noticed Ijyb
  3137 | D:4      | Killed Ijyb
  3137 | D:4      | Reached skill level 6 in Poison Magic
  3182 | D:4      | Found Disoinil's Assorted Antiques.
  3311 | D:4      | Noticed Edmund
  3322 | D:4      | Killed Edmund
  3322 | D:4      | Reached skill level 3 in Air Magic
  3322 | D:4      | Reached XP level 7. HP: 55/55 MP: 5/12
  3323 | D:4      | Noticed Sigmund
  3336 | D:4      | Killed Sigmund
  3336 | D:4      | Reached skill level 4 in Spellcasting
  3336 | D:4      | Reached skill level 4 in Conjurations
  3500 | D:4      | Killed Duvessa
  3516 | D:4      | Killed Dowan
  3516 | D:4      | Reached skill level 7 in Poison Magic
  3604 | D:5      | Entered Level 5 of the Dungeon
  3664 | D:5      | Found a shimmering altar of Xom.
  3684 | D:5      | Reached skill level 4 in Air Magic
  3684 | D:5      | Reached XP level 8. HP: 43/62 MP: 14/14
  3695 | D:5      | Found a bloodstained altar of Trog.
  3741 | D:5      | Found a radiant altar of Vehumet.
  3766 | D:5      | Became a worshipper of Vehumet
  3807 | D:5      | Noticed Pikel
  3820 | D:5      | Killed Pikel
  3820 | D:5      | Reached skill level 5 in Spellcasting
  3820 | D:5      | Reached skill level 5 in Conjurations
  3820 | D:5      | Reached skill level 8 in Poison Magic
  3962 | D:5      | Found an iron altar of Okawaru.
  4122 | D:5      | Found a runed door.
  4126 | D:5      | Noticed Crazy Yiuf
  4131 | D:5      | Killed Crazy Yiuf
  4365 | D:5      | Noticed Menkaure
  4370 | D:5      | Killed Menkaure
  4506 | D:6      | Found Qotus's Distillery.
  4532 | D:6      | Bought a potion of degeneration for 11 gold pieces
  4533 | D:6      | Bought a potion of lignification for 33 gold pieces
  4533 | D:6      | Bought a potion of magic for 88 gold pieces
  4607 | D:6      | Found a sacrificial altar of Ru.
  4680 | D:6      | Reached XP level 9. HP: 68/68 MP: 12/17
  4684 | D:6      | Reached skill level 6 in Conjurations
  4739 | D:6      | Reached skill level 9 in Poison Magic
  4769 | D:6      | Noticed Prince Ribbit
  4784 | D:6      | Killed Prince Ribbit
  4784 | D:6      | Reached * piety under Vehumet
  4784 | D:6      | Offered knowledge of Sandblast by Vehumet.
  4784 | D:6      | Reached skill level 6 in Spellcasting
  4860 | D:6      | Found a stormy altar of Qazlal.
  5592 | D:7      | Reached skill level 10 in Poison Magic
  5594 | D:7      | Reached skill level 7 in Conjurations
  5597 | D:7      | Reached skill level 7 in Spellcasting
  5604 | D:7      | Offered knowledge of Throw Frost by Vehumet.
  5934 | D:7      | Found a basalt altar of Yredelemnul.
  6082 | D:7      | Reached XP level 10. HP: 75/75 MP: 15/20
  6201 | D:7      | Reached ** piety under Vehumet
  6484 | D:7      | Upgraded the game from 0.22-a0-40-g3d2f077 to 0.22-a0-42-g002c468
  6526 | D:8      | Reached skill level 8 in Conjurations
  6539 | D:8      | Noticed Erica
  6592 | D:8      | Killed Erica
  6618 | D:8      | Got a coiled bone ring
  6620 | D:8      | Identified the ring "Vamuaq" {+Fly rPois rC- Dex+7 SInv} (You found it on level 8 of the Dungeon)
  6647 | D:8      | Found a burning altar of Makhleb.
  6722 | D:8      | Learned a level 5 spell: Venom Bolt
  6871 | D:8      | Reached skill level 8 in Spellcasting
  6905 | D:8      | Got a scorched mace
  6906 | D:8      | Identified the +7 mace "Newtslayer" {holy, SInv} (You found it on level 8 of the Dungeon)
  7520 | D:9      | Reached skill level 11 in Poison Magic
  7576 | D:9      | Reached skill level 9 in Conjurations
  7773 | D:9      | Found a transporter.
  7820 | D:9      | Got a faintly glowing ivory ring
  8027 | D:9      | Identified the ring of Suspicion {-Tele MR++ Int+5 Dex+6} (You took it off an orc on level 9 of the Dungeon)
  8159 | D:9      | Noticed Maurice
  8172 | D:9      | Killed Maurice
  8266 | D:9      | Found a viscous altar of Jiyva.
  8268 | D:9      | Found a transporter.
  8295 | D:9      | Reached skill level 9 in Spellcasting
  8295 | D:9      | Reached XP level 11. HP: 14/81 MP: 22/24
  8505 | D:9      | Offered knowledge of Static Discharge by Vehumet.
  8934 | D:9      | Found a bloodstained altar of Trog.
  9025 | D:10     | Entered Level 10 of the Dungeon
  9067 | D:10     | Reached *** piety under Vehumet
  9151 | D:10     | Learned a level 5 spell: Fireball
  9652 | D:10     | Noticed Nergalle
  9655 | D:10     | Reached skill level 10 in Conjurations
  9656 | D:10     | Killed Nergalle
  9656 | D:10     | Reached skill level 1 in Fire Magic
  9745 | D:10     | Found a staircase to the Lair.
 10030 | D:10     | Reached skill level 12 in Poison Magic
 10038 | D:10     | Offered knowledge of Airstrike by Vehumet.
 10040 | D:10     | Found a staircase to the Orcish Mines.
 10040 | D:10     | Reached skill level 2 in Fire Magic
 10372 | D:11     | Reached skill level 10 in Spellcasting
 10391 | D:11     | Reached **** piety under Vehumet
 10489 | D:11     | Offered knowledge of Bolt of Magma by Vehumet.
 10502 | D:11     | Learned a level 5 spell: Bolt of Magma
 10692 | Lair:1   | Entered Level 1 of the Lair of Beasts
 10766 | D:11     | Noticed an ogre mage
 10795 | D:11     | Reached skill level 1 in Earth Magic
 10909 | D:11     | Reached skill level 3 in Fire Magic
 10911 | D:11     | Noticed an unseen horror
 10918 | D:11     | Killed an unseen horror
 10918 | D:11     | Reached XP level 12. HP: 51/87 MP: 6/26
 10967 | D:11     | Killed an ogre mage
 10967 | D:11     | Reached skill level 11 in Conjurations
 11022 | D:11     | Reached skill level 2 in Earth Magic
 11305 | D:11     | Noticed a yaktaur captain
 11305 | D:11     | Noticed a deep troll earth mage
 11311 | D:11     | Killed a deep troll earth mage
 11346 | D:11     | Shot with a bolt by a yaktaur captain

Vault maps used:
D:1:      onia_arrival_pentagram
D:2:      old_standard_altar, old_standard_altar,
          nemelex_xobeh_ov_fountains_minmay, ashenzari_conservatory_becter,
          first_ration, feat_on_display
D:4:      overflow_temple_1_default, kennysheep_mini_moat,
          minmay_temple_entry_butterflies, serial_shops, shop,
          grunt_ministairs_7, sigmund_edmund_badplayer, uniq_natasha, uniq_ijyb,
          uniq_edmund, uniq_duvessa
D:5:      nicolae_overflow_crystal_walls, okawaru_ov_weapons_minmay,
          old_standard_altar, vehumet_altar_wand_db, minmay_parallelograms,
          minivault_23, uniq_pikel, uniq_crazy_yiuf_cottage, uniq_menkaure
D:6:      basic_altar, serial_shops,
          nicolae_shop_temple_entry_statues_fountains, hangedman_ru_absence,
          uniq_prince_ribbit1
D:7:      kennysheep_mini, grunt_livestock
D:8:      lemuel_doored_altar, corner_web_ring, uniq_erica
D:9:      gammafunk_jiyva_shrine, trog_book, uniq_maurice
D:10:     lair_entry_dummy, kennysheep_orc_monster_closet_entryway,
          uniq_nergalle
D:11:     minmay_glassy_protrusions
Temple:   corrupted_temple

Skill      XL: |  1  2  3  4  5  6  7  8  9 10 11 12 |
---------------+-------------------------------------+-----
Air Magic      | 1 2 3 4 |  4.0
Conjurations   | 2 3 4 5 7 9 10 11 | 11.3
Poison Magic   | 5 6 7 8 10 11 12 | 12.6
Spellcasting   | 3 4 5 7 9 10 | 10.7
Fire Magic     | 3 |  3.8
Earth Magic    | 1 2 |  2.5
Dodging        | |  1.5
Stealth        | |  3.0

Action                   |  1- 3 |  4- 6 |  7- 9 | 10-12 || total
-------------------------+-------+-------+-------+-------++-------
Melee: Unarmed           |     1 |       |       |       ||     1
       Dagger            |    26 |    15 |    32 |       ||    73
       Short sword       |       |    86 |   114 |       ||   200
       Dire flail        |       |       |    50 |   153 ||   203
       Mace              |       |       |       |    22 ||    22
 Cast: Sting             |    30 |     1 |     8 |       ||    39
       Poisonous Vapours |    11 |    22 |       |    14 ||    47
       Olgreb's Toxic Ra |       |     5 |    20 |    77 ||   102
       Mephitic Cloud    |       |     2 |    12 |     8 ||    22
       Venom Bolt        |       |       |       |    43 ||    43
       Bolt of Magma     |       |       |       |    19 ||    19
       Fireball          |       |       |       |     6 ||     6
 Abil: Spit Poison       |     9 |     5 |     7 |     2 ||    23
Evoke: Wand              |       |       |     4 |    12 ||    16
  Use: Scroll            |       |    11 |       |     8 ||    19
       Potion            |       |       |       |     1 ||     1
 Stab: Sleeping          |       |     3 |     1 |     1 ||     5
       Confused          |       |     1 |     4 |       ||     5
       Paralysed         |       |       |       |    16 ||    16
  Eat: Chunk             |     2 |     8 |    11 |    21 ||    42
       Ration            |       |       |       |     1 ||     1
Armor: Robe              |    13 |    26 |    59 |   101 ||   199
Dodge: Dodged            |    25 |    60 |   115 |   108 ||   308

Table legend:
 A = Spawn XP
 B = Non-spawn XP
 C = Spawn XP percentage of total XP
 D = Spawn monster count
 E = Non-spawn monster count
 F = Spawn count percentage of total count
 G = Total turns spent on level
                    A         B        C        D         E        F      G
               +---------+---------+-------+---------+---------+-------+---------
         Total |       0 |   22610 |   0.0 |       0 |     280 |   0.0 | 11346
               +---------+---------+-------+---------+---------+-------+---------
           D:1 |       0 |      15 |   0.0 |       0 |       9 |   0.0 |   717
           D:2 |       0 |      81 |   0.0 |       0 |      20 |   0.0 |   793
           D:3 |       0 |     165 |   0.0 |       0 |      20 |   0.0 |  1053
           D:4 |       0 |     926 |   0.0 |       0 |      24 |   0.0 |  1015
           D:5 |       0 |     912 |   0.0 |       0 |      11 |   0.0 |   900
           D:6 |       0 |    1091 |   0.0 |       0 |      26 |   0.0 |   843
           D:7 |       0 |    1678 |   0.0 |       0 |      23 |   0.0 |  1158
           D:8 |       0 |    1735 |   0.0 |       0 |      11 |   0.0 |  1014
           D:9 |       0 |    3474 |   0.0 |       0 |      32 |   0.0 |  1946
          D:10 |       0 |    5456 |   0.0 |       0 |      48 |   0.0 |  1070
          D:11 |       0 |    7077 |   0.0 |       0 |      56 |   0.0 |   797
               +---------+---------+-------+---------+---------+-------+---------
